 Dungeon Crawl Stone Soup version 0.27.1-33-g824d729ab1 (webtiles) character file.

Game seed: 7654323969333505718

49 jlumianski the Skirmisher (level 3, 0/24 HPs)
             Began as a Gargoyle Monk on Dec 19, 2021.
             Slain by a gnoll (9 damage)
             ... on level 2 of the Dungeon.
             The game lasted 00:03:56 (1294 turns).

jlumianski the Skirmisher (Gargoyle Monk)           Turns: 1294, Time: 00:03:57

Health: 0/24       AC:  5    Str: 15    XL:     3   Next: 77%
Magic:  3/3        EV: 12    Int: 10    God:
Gold:   83         SH:  0    Dex: 12    Spells: 1/2 levels left

rFire    . . .     SeeInvis .   a - +0 hand axe
rCold    . . .     Faith    .   (no shield)
rNeg     + . .     Spirit   .   b - +0 robe
rPois    ∞         Reflect  .   (no helmet)
rElec    +         Harm     .   (no cloak)
rCorr    .         Rampage  .   (no gloves)
Will     .....                  (no boots)
Stlth    ++........             (no amulet)
HPRegen  0.08/turn              (no ring)
MPRegen  0.08/turn              (no ring)

@: no status effects
A: sickness immunity, AC +3, negative energy resistance 1, electricity
resistance, torment resistance 1, petrification resistance
a: no special abilities


You were on level 2 of the Dungeon.
You visited 1 branch of the dungeon, and saw 2 of its levels.

You collected 83 gold pieces.

Inventory:

Hand Weapons
 a - a +0 hand axe (weapon)
Missiles
 h - 20 stones (quivered)
 i - 33 bolts
Armour
 b - a +0 robe (worn)
Scrolls
 d - 2 scrolls of identify {unknown}
 e - a scroll of amnesia {unknown}
 g - a scroll of teleportation {unknown}
Potions
 c - a potion of resistance {unknown}


   Skills:
 + Level 3.8 Fighting
 + Level 3.3 Axes
 + Level 2.8 Dodging
 + Level 2.4 Stealth


You had one spell level left.
You knew the following spells:

 Your Spells              Type           Power      Damage    Failure   Level
a - Foxfire               Conj/Fire      0%         2x1d4     36%         1

Your spell library contained the following spells:

 Spells                   Type           Power      Damage    Failure   Level
 Conjure Flame            Conj/Fire      0%         6-21      75%         3
 Inner Flame              Hex/Fire       0%         N/A       75%         3


Dungeon Overview and Level Annotations

Branches:
Dungeon (2/15)

Altars:


Innate Abilities, Weirdness & Mutations

You are immune to sickness and miasma.
Your stone body is resilient. (AC +3)
You are immune to poison.
You resist negative energy. (rN+)
You are resistant to electric shocks. (rElec)
You are resistant to unholy torment.
You are immune to petrification.


Message History

You hit the goblin.
You kill the goblin!
You see here a +0 dagger.
A gnoll comes into view. It is wielding a +0 spear.
The gnoll shouts!
The gnoll hits you from afar with a +0 spear! 2 gnolls come into view.
The gnoll hits you with a +0 spear.
You hit the gnoll but do no damage. The gnoll barely misses you.
You hit the gnoll.
The gnoll is moderately wounded.
The gnoll hits you with a +0 spear. The gnoll closely misses you.
You hit the gnoll.
The gnoll is moderately wounded.
The gnoll barely misses you. x2
You hit the gnoll but do no damage.
The gnoll is moderately wounded.
You closely miss the gnoll. The gnoll hits you but does no damage.
The gnoll hits you with a +0 spear.
* * * LOW HITPOINT WARNING * * *
The gnoll closely misses you.
It was a potion of curing.
You feel better. The gnoll misses you. The gnoll closely misses you.
The gnoll misses you.
You hit the gnoll.
The gnoll is severely wounded.
You hit the gnoll. The gnoll barely misses you. x4
You hit the gnoll.
The gnoll is almost dead.
You hit the gnoll but do no damage. The gnoll completely misses you.
The gnoll closely misses you. The gnoll hits you but does no damage.
The gnoll closely misses you.
You hit the gnoll.
You kill the gnoll!
You hit the gnoll but do no damage. The gnoll closely misses you.
The gnoll misses you.
The gnoll hits you from afar with a +0 halberd!
* * * LOW HITPOINT WARNING * * *
You feel better. The gnoll completely misses you.
The gnoll hits you from afar with a +0 halberd!
You die...

#.# #.# #.# #####
#.# #...#
######.######...####
...................#
# #...........).#
#.#.#.####........#
#...g@# ###...##.#
....#.#)# #...##.#
.. ...g.. ##.###.#
#.#.#.## #.# #.#
##...## #.# #.# ## #
#.# #.# #.# #.# #.#
#.# #.# #.#


You could see 2 gnolls.

Vanquished Creatures
  2 gnolls
  2 bats
  3 endoplasms (D:1)
  4 giant cockroaches
  3 goblins
  2 hobgoblins
  2 jackals (D:1)
  3 ball pythons
  3 kobolds (D:1)
  3 rats
27 creatures vanquished.

Notes
Turn   | Place    | Note
-------+----------+-------------------------------------------
     0 | D:1      | jlumianski the Gargoyle Monk began the quest for the Orb.
     0 | D:1      | Reached XP level 1. HP: 14/14 MP: 1/1
    52 | D:1      | Reached XP level 2. HP: 2/19 MP: 2/2
   578 | D:1      | Reached XP level 3. HP: 17/24 MP: 3/3
   719 | D:1      | Learned a level 1 spell: Foxfire
  1294 | D:2      | Slain by a gnoll

Illustrated notes

Levels and vault maps discovered:
D:1:      minmay_arrival_cross, layout_rooms
D:2:      layout_loops_ring, dilly_ecumenical_altar_fadedgnrine, uniq_jessica

Skill      XL: |  1  2 |
---------------+-------+-----
Axes           | 3 |  3.3
Fighting       | |  3.8
Dodging        | |  2.8
Stealth        | |  2.4

Action                   || total
-------------------------++-------
Melee: Hand axe          ||    88
  Use: Potion            ||     2
 Stab: Sleeping          ||     2
Armor: Robe              ||    42
Dodge: Dodged            ||    96
